Map: Automaton LE

Players

macromore

  • Race: Terran Terran
  • League: Diamond
  • Spawn Location: 3:00

A.I. 1 (Very Easy) - Winner!

  • Race: Protoss Protoss
  • Spawn Location: 9:00

VOD

Have the link to the VOD?

Description

Time

  • Played on: Feb. 27, 2019, 3:28 p.m.
  • Length: 10:10
Show
View Real Time Build Order
Export as new Build Order

macromore Terran 

Build Orders: Reaper Expand 

Get SALT Encoding   

  12  0:01  SCV  
  13  0:13  SCV  
  14  0:19  Supply Depot  
  14  0:25  SCV  
  15  0:40  SCV  
  16  0:43  Barracks  
  16  0:50  Refinery  
  16  0:52  SCV  
  17  1:04  SCV  
  18  1:16  SCV  
  19  1:29  Orbital Command  
  19  1:32  Reaper  
  20  1:44  Command Center  
  20  1:55  SCV  
  21  2:04  Barracks Reactor  
  21  2:07  SCV, Refinery  
  22  2:13  Supply Depot  
  22  2:19  SCV  
  23  2:28  Factory  
  23  2:35  SCV  
  24  2:41  Marine x2  
  26  2:47  SCV  
  27  2:55  Orbital Command  
  27  2:59  SCV, Marine x2  
  30  3:11  SCV  
  31  3:13  Starport  
  31  3:14  Factory Tech Lab  
  31  3:22  SCV, Barracks  
  31  3:23  SCV  
  33  3:27  Marine x2  
  35  3:35  SCV x2  
  37  3:47  Supply Depot, SCV, Marine x2  
  40  3:55  Raven  
  42  4:00  Factory Tech Lab  
  42  4:07  Marine x2  
  42  4:08  Barracks  
  44  4:16  SCV x2  
  46  4:19  Supply Depot  
  46  4:28  SCV x2  
  46  4:29  Marine x2  
  50  4:37  Bunker  
  50  4:40  SCV x2  
  50  4:42  Refinery  
  50  4:44  Stimpack  
  50  4:45  Marauder  
  54  4:52  SCV x2  
  55  4:54  Supply Depot  
  55  4:55  Marine  
  55  4:56  Marine  
  58  5:05  Marauder  
  58  5:06  Combat Shield  
  60  5:08  Marauder  
  60  5:11  Supply Depot  
  62  5:14  Engineering Bay  
  62  5:15  SCV x2  
  64  5:28  SCV x2  
  66  5:32  Marine  
  66  5:33  Marauder, Marine  
  66  5:34  Marauder, Starport Reactor  
  72  5:35  Factory Reactor  
  72  5:42  Refinery  
  72  5:43  Terran Infantry Weapons Level 1  
  72  5:47  Supply Depot x2  
  72  5:49  Supply Depot  
  72  5:54  SCV x2  
  72  5:56  Marauder x2, Marine x2  
  80  6:06  SCV x2  
  82  6:15  Widow Mine x2, Medivac  
  82  6:16  Medivac, Marine x2  
  82  6:18  SCV x2  
  93  6:19  Supply Depot  
  93  6:24  Supply Depot, Concussive Shells  
  94  6:30  SCV x2  
  96  6:38  Command Center  
  96  6:40  Marine x2  
  96  6:42  Marauder  
  100  6:54  Widow Mine x2, Medivac x2  
  104  6:57  Marauder, SCV  
  104  6:58  SCV  
  112  7:06  Marine  
  112  7:07  Marauder, Marine  
  116  7:10  Supply Depot  
  116  7:18  Marauder  
  116  7:19  Widow Mine x2  
  122  7:26  Supply Depot, Medivac x2  
  126  7:32  SCV x2, Marine x2  
  126  7:35  Supply Depot  
  130  7:38  Marauder  
  130  7:40  Marauder  
  130  7:42  Widow Mine x2  
  130  7:43  Terran Infantry Armor Level 1  
  138  7:51  Orbital Command, SCV x2, Barracks  
  140  7:52  Barracks  
  140  8:00  Starport  
  140  8:02  Marine x2  
  140  8:03  Marauder x2  
  146  8:09  Widow Mine x2  
  146  8:10  Viking  
  152  8:15  Medivac  
  152  8:16  SCV x2  
  152  8:17  SCV  
  157  8:20  Supply Depot  
  157  8:25  Marauder x2, Marine  
  162  8:28  SCV  
  162  8:29  SCV  
  162  8:31  SCV  
  165  8:40  SCV, Barracks Tech Lab, Barracks Reactor  
  165  8:41  SCV  
  167  8:42  Widow Mine x2, Viking  
  167  8:43  SCV  
  167  8:44  Supply Depot  
  174  8:53  Ghost Academy  
  174  8:56  Refinery, Marine  
  174  8:57  Marauder x2, SCV, Marine  
  174  8:58  Refinery  
  181  9:05  SCV x2  
  181  9:06  Armory  
  181  9:09  Engineering Bay  
  183  9:14  Marine  
  183  9:15  Viking x2  
  188  9:22  Supply Depot, Widow Mine x2, Marauder, Viking  
  196  9:30  SCV  
  197  9:34  Supply Depot  
  197  9:37  Supply Depot  
  197  9:44  SCV, Marine x2  
  200  10:01  Starport Tech Lab  
Show
View Real Time Build Order
Export as new Build Order

A.I. 1 (Very Easy) Protoss - Winner!

Build Orders:  

Get SALT Encoding   

  12  0:00  Probe  
  13  0:13  Probe  
  14  0:21  Pylon  
  14  0:37  Assimilator  
  14  0:44  Gateway  
  14  0:45  Pylon  
  14  1:17  Assimilator  
  14  1:25  Probe  
  14  1:31  Zealot  
  17  1:33  Probe  
  17  1:35  Cybernetics Core  
  18  1:41  Probe  
  19  1:52  Probe  
  20  2:00  Probe  
  21  2:09  Probe  
  21  2:11  Warp Gate  
  22  2:36  Stalker  
  24  6:54  Probe  
  24  6:59  Adept  
  24  7:00  Pylon  
  27  7:02  Probe, Robotics Facility  
  27  7:05  Nexus  
  28  7:10  Probe  
  29  7:18  Probe  
  30  7:26  Probe  
  30  7:29  Pylon  
  27  7:49  Observer  
  28  7:58  Zealot  
  30  8:08  Observer  
  31  8:18  Probe  
  32  8:25  Probe, Assimilator  
  33  8:29  Assimilator  
  33  8:32  Probe  
  34  8:40  Probe  
  35  8:47  Probe  
  36  8:54  Probe  
  37  8:56  Stalker  
  37  9:01  Probe  
  39  9:08  Probe  
  40  9:12  Probe  
  41  9:20  Probe  
  42  9:26  Probe  
  43  9:33  Probe  
  44  9:44  Probe  
  45  9:51  Probe  
Tags
 
League
Diamond
Matchup
PvT
Spawn Locations
Cross Positions
Add a new tag
Caveats
  • Supply blocks, unpowered buildings, or Contaminate may cause inaccurate times.
  • Supply counts are checked every 10 seconds.